 Dungeon Crawl Stone Soup version 0.28.0 (webtiles) character file.

Game seed: 5039088649216677250

7643 browni3141 the Fighter (level 11, -7/103 HPs)
             Began as a Gargoyle Berserker on Feb 16, 2022.
             Was a High Priest of Trog.
             Mangled by an orc knight (17 damage)
             ... in a bailey.
             The game lasted 00:06:30 (7127 turns).

browni3141 the Fighter (Gargoyle Berserker)         Turns: 7127, Time: 00:06:31

Health: -7/103     AC: 20    Str: 21    XL:     11   Next: 18%
Magic:  11/11      EV: 12    Int:  8    God:    Trog [*****.]
Gold:   453        SH: 10    Dex: 13    Spells: 10/10 levels left

rFire   . . .      SeeInvis .   L - +0 broad axe
rCold   . . .      Faith    .   x - +0 kite shield
rNeg    + . .      Spirit   .   O - +0 acid dragon scales
rPois   ∞          Reflect  .   K - +0 helmet
rElec   +          Harm     .   (no cloak)
rCorr   +          Rampage  .   H - +0 pair of gloves
Will    .....                   C - +0 pair of boots
Stlth   ..........              f - amulet of regeneration
HPRegen 1.07/turn               (no ring)
MPRegen 0.12/turn               (no ring)

@: berserking, very quick
A: sickness immunity, AC +8, negative energy resistance 1, electricity
resistance, torment resistance 1, petrification resistance
a: Renounce Religion, Berserk, Trog's Hand, Brothers in Arms


You were in a bailey.
You worshipped Trog.
Trog was extremely pleased with you.
You visited 1 branch of the dungeon, and saw 9 of its levels.
You also visited: Ossuary and Bailey.

You collected 453 gold pieces.

Inventory:

Hand Weapons
 a - a +0 hand axe
 t - a +0 war axe
 L - a +0 broad axe (weapon)
Armour
 b - a +0 animal skin
 j - a +0 chain mail
 x - a +0 kite shield (worn)
 C - a +0 pair of boots (worn)
 H - a +0 pair of gloves (worn)
 K - a +0 helmet (worn)
 M - a +0 plate armour
 O - +0 acid dragon scales (worn)
Jewellery
 f - an amulet of regeneration (around neck)
 D - an amulet of guardian spirit
 J - a ring of resist corrosion
 N - a ring of flight
 Q - an amulet of magic regeneration
Wands
 s - a wand of iceblast (15)
 z - a wand of digging (7)
Scrolls
 d - a scroll of immolation {unknown}
 h - 3 scrolls of enchant weapon
 i - a scroll of brand weapon {unknown}
 k - 3 scrolls of amnesia {unknown}
 l - 4 scrolls of blinking {unknown}
 o - 2 scrolls of magic mapping {unknown}
 r - 2 scrolls of silence {unknown}
 u - 7 scrolls of identify {unknown}
 y - a scroll of enchant armour {unknown}
 A - 2 scrolls of fear {unknown}
 F - a scroll of holy word {unknown}
 G - a scroll of torment {unknown}
 I - 2 scrolls of teleportation {unknown}
Potions
 c - 3 potions of degeneration {unknown}
 e - 6 potions of curing {unknown}
 g - 3 potions of invisibility
 m - 3 potions of heal wounds {unknown}
 n - 3 potions of mutation {unknown}
 p - 5 potions of attraction {unknown}
 q - a potion of lignification {unknown}
 v - 2 potions of magic {unknown}
 w - a potion of resistance {unknown}
 B - 3 potions of flight {unknown}
 E - a potion of haste {unknown}
 P - a potion of might {unknown}


   Skills:
 + Level 8.4 Fighting
 + Level 6.9 Axes
 + Level 7.9 Armour
 + Level 6.1 Dodging
 + Level 8.3 Stealth
 + Level 7.1 Shields


You had 10 spell levels left.
You didn't know any spells.
Your spell library was empty.

Dungeon Overview and Level Annotations

Branches:
Dungeon (9/15)             Temple (0/1) D:4         Ossuary (visited)
 Bailey (1/1)
   Lair: D:8-11         Orc: D:9-12

Altars:
Makhleb
Qazlal
Wu Jian

Shops:
D:2 (**!


Innate Abilities, Weirdness & Mutations

You are immune to sickness and miasma.
Your stone body is resilient. (AC +8)
You are immune to poison.
You resist negative energy. (rN+)
You are resistant to electric shocks. (rElec)
You are resistant to unholy torment.
You are immune to petrification.


Message History

There are monsters nearby!
You closely miss the orc warrior. You barely miss the orc warrior.
The orc warrior hits you but does no damage.
The orc warrior hits you with a +0 spear.
You block the orc knight's attack.
The orc warrior hits you from afar with a +0 glaive!
You slash the orc warrior!
The orc warrior is moderately wounded.
You completely miss the orc warrior. The orc warrior barely misses you.
The orc warrior hits you but does no damage.
The orc warrior misses you.
The orc knight hits you from afar with a +0 halberd.
You block the orc warrior's attack. x2; The orc warrior closely misses you.
The orc knight hits you from afar with a +0 halberd!!
There are monsters nearby!
A red film seems to cover your vision as you go berserk!
You feel yourself moving faster!
You feel mighty!
The orc warrior hits you with a +0 glaive.
You block the orc warrior's attack. The orc knight barely misses you.
You block the orc warrior's attack.
You closely miss the orc warrior. You hit the orc warrior.
The orc warrior closely misses you.
The orc warrior hits you with a +0 spear!
* * * LOW HITPOINT WARNING * * *
The orc knight hits you but does no damage.
You block the orc warrior's attack.
You are too injured to fight recklessly!
You are too injured to fight recklessly!
You are too injured to fight recklessly!
You slash the orc warrior!
You kill the orc warrior!
Trog accepts your kill.
You slash the orc warrior! You block the orc knight's attack.
The orc warrior hits you with a +0 spear!
* * * LOW HITPOINT WARNING * * *
You block the orc warrior's attack.
You closely miss the orc warrior.
The orc warrior is heavily wounded.
The orc knight hits you from afar with a +0 halberd!
You die...

..≈##.##≈...............≈##.##≈..
..≈#.))).....................#≈..
..≈##.∩#≈...............≈#∩)##≈..
..≈≈#.##≈....#######....≈##)#≈≈..
...≈≈.≈≈≈...##....##....≈≈≈.≈≈...
...........##.....##.............
..........##..#'''##.............
..........#..##∩)∩##..##.........
.........##.####@####.##.........
.........##.')#)o.#.'.##.........
.........##.###oo.###.##.........
.........##.')#?.|#.'.##.........
.........##.#########.##.........
..........#..##.#.##..#..........
..........##..#'#'#..##..........
...........##.......##.....).....
...≈≈.≈≈≈...#########...≈≈≈)≈≈...


You could see an orc knight and 2 orc warriors.

Vanquished Creatures
  A two-headed ogre (D:8)
  The ghost of BeingJoeMalik the Spear-Bearer, a novice MfFi of Okawaru (D:8)
  9 yaks
  3 steam dragons (D:7)
  4 water moccasins
  An acid dragon (D:8)
  2 sky beasts (D:7)
  3 ogres
  9 orc warriors
  3 black bears
  A necrophage (D:6)
  6 centaurs
  4 phantoms
  A kobold brigand (D:9)
  A bullfrog (D:7)
  2 gnoll sergeants
  A scorpion (D:4)
  3 vampire bats (D:8)
  A howler monkey (D:6)
  5 wights (D:7)
  A bullfrog zombie (D:7)
  6 hounds
  2 jellies (D:6)
  4 orc priests
  2 centaur zombies
  4 bullfrog skeletons
  3 centaur skeletons
  Terence (D:2)
  Natasha (D:2)
  2 iguanas
  6 orc wizards
  2 hound zombies (D:5)
  2 hound skeletons
  A mummy (Ossuary)
  7 gnolls
  2 adders
  A howler monkey skeleton (D:5)
  A white imp (D:6)
  An ufetubus (D:6)
  A worm (D:5)
  3 dart slugs
  46 orcs
  4 spectral bats (Ossuary)
  12 bats
  6 endoplasms
  3 giant cockroaches
  8 goblins
  9 hobgoblins
  2 jackals (D:5)
  8 kobolds
  8 quokkas
  6 ball pythons
  2 bat simulacra (Ossuary)
  14 frilled lizards
  12 gnoll zombies (Ossuary)
  4 goblin simulacra (Ossuary)
  2 goblin zombies (Ossuary)
  5 hobgoblin zombies (Ossuary)
  4 kobold simulacra (Ossuary)
  8 kobold zombies
  4 orc zombies (Ossuary)
  2 rats
  3 rat simulacra (Ossuary)
  A rat zombie (D:6)
  6 spectral goblins (Ossuary)
  3 spectral kobolds (Ossuary)
  2 spectral rats (Ossuary)
298 creatures vanquished.

Vanquished Creatures (collateral kills)
  A hornet zombie (D:8)
1 creature vanquished.

Vanquished Creatures (others)
  A sky beast (D:7)
  An endoplasm (D:1)
  5 plants (D:5)
7 creatures vanquished.

Grand Total: 306 creatures vanquished

Notes
Turn   | Place    | Note
-------+----------+-------------------------------------------
     0 | D:1      | browni3141 the Gargoyle Berserker began the quest for the
                  | Orb.
     0 | D:1      | Reached XP level 1. HP: 14/14 MP: 1/1
   184 | D:1      | Reached XP level 2. HP: 11/19 MP: 2/2
   374 | D:1      | Found a faded altar of an unknown god.
   477 | D:1      | Reached skill level 1 in Stealth
   599 | D:1      | Reached XP level 3. HP: 23/23 MP: 3/3
  1174 | D:2      | Found Jeygguk's General Store.
  1189 | D:2      | Found Diyprataqo's Assorted Antiques.
  1234 | D:2      | Noticed Terence
  1247 | D:2      | Killed Terence
  1248 | D:2      | Reached XP level 4. HP: 18/29 MP: 4/4
  1326 | D:2      | Found Gun Wufa's Weapon Boutique.
  1369 | D:2      | Reached ** piety under Trog
  1532 | D:2      | Found Sirihum's Distillery.
  1601 | D:2      | Noticed Natasha
  1619 | D:2      | Killed Natasha
  2034 | D:3      | Reached XP level 5. HP: 33/33 MP: 5/5
  2479 | D:4      | Found a burning altar of Makhleb.
  2615 | D:4      | Noticed an ogre
  2624 | D:4      | Killed an ogre
  2625 | D:4      | Reached skill level 1 in Shields
  2625 | D:4      | Reached XP level 6. HP: 17/39 MP: 6/6
  2700 | D:4      | Found a stormy altar of Qazlal.
  2848 | D:4      | Found a staircase to the Ecumenical Temple.
  2931 | D:5      | Entered Level 5 of the Dungeon
  3008 | D:5      | Reached *** piety under Trog
  3009 | D:5      | Reached XP level 7. HP: 41/44 MP: 7/7
  3208 | D:5      | Reached skill level 5 in Fighting
  3352 | D:5      | Reached XP level 8. HP: 49/49 MP: 8/8
  3610 | D:6      | Reached skill level 5 in Armour
  3610 | D:6      | Reached skill level 5 in Stealth
  3626 | D:6      | Found a sand-covered staircase.
  3637 | Ossuary  | Entered an ossuary
  3681 | Ossuary  | Reached **** piety under Trog
  4145 | D:6      | Reached skill level 5 in Axes
  4250 | D:6      | Reached XP level 9. HP: 55/55 MP: 9/9
  4513 | D:6      | Reached ***** piety under Trog
  4898 | D:7      | Found an ornate altar of the Wu Jian Council.
  5155 | D:7      | Reached skill level 5 in Shields
  5257 | D:7      | Reached XP level 10. HP: 63/63 MP: 10/10
  5377 | D:7      | Reached skill level 5 in Dodging
  5717 | D:8      | Noticed a two-headed ogre
  5728 | D:8      | Killed a two-headed ogre
  6080 | D:8      | Found a runed translucent door.
  6084 | D:8      | Noticed BeingJoeMalik's ghost (novice MfFi)
  6362 | D:8      | Killed BeingJoeMalik's ghost
  6788 | D:9      | Reached XP level 11. HP: 19/68 MP: 11/11
  6863 | D:9      | Found a flagged portal.
  6882 | Bailey   | Entered a bailey
  7119 | Bailey   | Noticed an orc knight
  7127 | Bailey   | Mangled by an orc knight

Illustrated notes

Levels and vault maps discovered:
D:1:      sevenhm_arrival_forest_fort_large_4, layout_loops_ring,
          hellmonk_ecumenical_altar_run_dry, lemuel_old_faithful
D:2:      layout_loops_ring, serial_shops, nicolae_shop_bloodbath_and_beyond,
          nicolae_square_shop, nicolae_lakefront_shop, shop,
          minmay_misc_feat_room, uniq_terence, uniq_natasha
D:3:      layout_rooms, serial_curves, eino_curves_01, eino_curves_03
D:4:      layout_basic, mainiacjoe_overflow_alcove_1,
          mainiacjoe_overflow_boulevard, minmay_temple_entry_poolview
D:5:      layout_gridville, minmay_lizard_king
D:6:      minmay_recursive_quarters, layout_basic, enter_ossuary_3
D:7:      layout_cave_pools, nzn_wu_jian_contemplation, hangedman_misty_isle
D:8:      layout_cave_pools, ebering_ghost_reflecting_pool, roderic_batcave
D:9:      layout_long_grid, nemelex_diamond_rough_becter, enter_bailey_3,
          serial_rivers, chequers_serial_rivers_micro_d,
          chequers_serial_rivers_micro_e, chequers_serial_rivers_large_a,
          chequers_serial_rivers_small_a, chequers_serial_rivers_large_b,
          chequers_serial_rivers_micro_d
Bailey:   bailey_polearm_2, bailey

Skill      XL: |  1  2  3  4  5  6  7  8  9 10 11 |
---------------+----------------------------------+-----
Stealth        | 1 2 3 4 5 6 8 |  8.3
Axes           | 3 4 5 6 |  6.9
Dodging        | 2 3 4 5 6 |  6.1
Armour         | 3 4 5 6 7 |  7.9
Fighting       | 4 5 6 7 8 |  8.4
Shields        | 1 2 4 5 6 7 |  7.1

Action                   |  1- 3 |  4- 6 |  7- 9 | 10-12 || total
-------------------------+-------+-------+-------+-------++-------
Melee: Hand axe          |   117 |   100 |       |       ||   217
       Punch             |     1 |       |       |       ||     1
       War axe           |       |    78 |   486 |    19 ||   583
       Broad axe         |       |       |       |   220 ||   220
Invok: Berserk           |     1 |     1 |     7 |     7 ||    16
       Trog's Hand       |       |       |     1 |     1 ||     2
       Brothers in Arms  |       |       |       |     1 ||     1
 Stab: Sleeping          |     2 |       |       |     1 ||     3
Armor: Animal skin       |    43 |     3 |       |       ||    46
       Chain mail        |       |   167 |   450 |    13 ||   630
       Plate armour      |       |       |       |    71 ||    71
       Acid dragon scale |       |       |       |   109 ||   109
Dodge: Dodged            |    73 |    60 |   211 |   162 ||   506
Block: Kite shield       |       |    24 |   300 |   214 ||   538
